 Dungeon Crawl Stone Soup version 0.24.1-14-gf8d2b509d9 (webtiles) character file.

Game seed: 13049212997201002902, levelgen mode: deterministic

263 tkbsonic5 the Vandal (level 6, -4/42 HPs)
             Began as a Halfling Hunter on Jan 5, 2023.
             Killed from afar by Pikel (17 damage)
             ... with an iceblast
             ... on level 4 of the Dungeon.
             The game lasted 00:11:50 (2574 turns).

tkbsonic5 the Vandal (Halfling Hunter)              Turns: 2574, Time: 00:11:50

Health: -4/42      AC:  7    Str: 15    XL:     6   Next: 42%
Magic:  6/6        EV: 14    Int: 12    God:
Gold:   178        SH:  0    Dex: 15    Spells: 5/5 levels left

rFire    . . .     SeeInvis .   e - +0 shortbow
rCold    . . .     Gourm    .   (shield currently unavailable)
rNeg     . . .     Faith    .   i - +0 ring mail
rPois    .         Spirit   .   (no helmet)
rElec    .         Reflect  .   p - +0 cloak
rCorr    +         Harm     .   (no gloves)
MR       .....                  k - +0 pair of boots
Stlth    +.........             (no amulet)
HPRegen  0.14/turn              j - +3 ring of intelligence
MPRegen  0.10/turn              l - ring of resist corrosion

@: no status effects
A: small, mutation resistance 1, wild magic 1
a: no special abilities


You were on level 4 of the Dungeon.
You were not hungry.

You visited 1 branch of the dungeon, and saw 4 of its levels.

You collected 178 gold pieces.

Inventory:

Hand Weapons
 a - a +1 hunting sling
 b - a +0 short sword
 e - a +0 shortbow (weapon)
Missiles
 d - 4 sling bullets
 g - 34 arrows (quivered)
 h - 27 bolts
 o - 12 poisoned darts
 q - 7 boomerangs
 s - 21 stones
Armour
 c - a +0 leather armour
 i - a +0 ring mail (worn)
 k - a +0 pair of boots (worn)
 p - a +0 cloak (worn)
Jewellery
 j - a +3 ring of intelligence (left hand)
 l - a ring of resist corrosion (right hand)
Scrolls
 n - a scroll of magic mapping
Comestibles
 f - 8 rations


   Skills:
 * Level 3.0 Fighting
 - Level 3.6 Short Blades
 + Level 7.4 Slings
 * Level 0.6 Bows
 + Level 1.5 Armour
 + Level 2.8 Dodging
 - Level 1.1 Stealth


You had 5 spell levels left.
You didn't know any spells.
Your spell library was empty.

Dungeon Overview and Level Annotations

Branches:
Dungeon (4/15)
 Temple: D:4-7

Altars:
Ru

Annotations:
D:4 Pikel


Innate Abilities, Weirdness & Mutations

You are small and have problems with some larger weapons.
You are somewhat resistant to further mutation.
Your spells are a little harder to cast, but a little more powerful.


Message History

Okay, then.
As you read the scroll labeled XEAPIU VENAM, it crumbles to dust.
You feel blessed for a moment.
It was a scroll of remove curse.
You feel sick.
You are no longer poisoned.
The slave shouts!
A slave comes into view.
Okay, then.
It was a potion of heal wounds.
You feel much better.
e - a +0 shortbow (weapon)
Pikel zaps a wand.
The mass of ice explodes!
The iceblast engulfs you.
You hear a shout!
Pikel zaps a wand.
The mass of ice explodes!
The iceblast engulfs you!
You hear a shout! x2
Pikel zaps a wand.
The mass of ice explodes!
The iceblast engulfs you!!
Ouch! That really hurt!
* * * LOW HITPOINT WARNING * * *
You hear a shout!
There is a stone staircase leading up here.
Pikel zaps a wand.
The mass of ice explodes!
The iceblast engulfs you!
You die...

##..##.........#
#..###.#####..#
#..###.# #..#
##......# ###..#
##...###.# #....#
##.....##.# #.#.#####
##.......#.# #........
#.........p###...#####
+.........p.pK.@...#
#........p####...#.#
##.......## #.......
##....p## #####.###
##...## .# ##p## # #.#
#.# #.#


You could see Pikel and 4 slaves.

Vanquished Creatures
  A centaur (D:3)
  A hound (D:3)
  An orc wizard (D:3)
  A worker ant (D:4)
  5 adders
  2 oozes
  A dart slug (D:1)
  2 orcs (D:3)
  11 bats
  A giant cockroach (D:3)
  5 goblins
  4 hobgoblins (D:1)
  4 frilled lizards
  8 kobolds
  9 rats
56 creatures vanquished.

Notes
Turn   | Place    | Note
-------+----------+-------------------------------------------
     0 | D:1      | tkbsonic5 the Halfling Hunter began the quest for the Orb.
     0 | D:1      | Reached XP level 1. HP: 14/14 MP: 1/1
   165 | D:1      | Reached skill level 6 in Slings
   167 | D:1      | Reached XP level 2. HP: 19/19 MP: 2/2
   168 | D:1      | Reached skill level 1 in Short Blades
   565 | D:1      | Reached XP level 3. HP: 23/24 MP: 3/3
   997 | D:2      | You fall into a shaft and drop 1 floor!
  1005 | D:3      | Reached XP level 4. HP: 26/29 MP: 4/4
  1100 | D:3      | Gained mutation: Your spells are a little harder to cast,
                  | but a little more powerful. [potion of mutation]
  1122 | D:3      | Noticed a centaur
  1489 | D:3      | Found a sacrificial altar of Ru.
  1523 | D:3      | Reached skill level 7 in Slings
  1523 | D:3      | Reached XP level 5. HP: 27/35 MP: 5/5
  1852 | D:3      | Killed a centaur
  1852 | D:3      | Reached skill level 1 in Armour
  1852 | D:3      | Reached XP level 6. HP: 8/41 MP: 6/6
  2559 | D:4      | Noticed Pikel
  2559 | D:4      | Noticed a slave
  2559 | D:4      | Noticed a slave
  2559 | D:4      | Noticed a slave
  2560 | D:4      | Noticed a slave
  2574 | D:4      | Killed from afar by Pikel

Levels and vault maps discovered:
D:1:      dpeg_arrival_solitude, layout_basic
D:2:      layout_basic
D:3:      layout_basic, nicolae_ru_great_annihilating_truth
D:4:      layout_loops_corners, uniq_pikel

Skill      XL: |  1  2  3  4  5  6 |
---------------+-------------------+-----
Slings         | 6 7 |  7.4
Fighting       | 2 3 |  3.0
Short Blades   | 1 2 3 |  3.6
Armour         | 1 |  1.5
Bows           | |  0.6
Dodging        | |  2.8
Stealth        | |  1.1

Action                   |  1- 3 |  4- 6 || total
-------------------------+-------+-------++-------
Melee: Short sword       |    12 |    75 ||    87
 Fire: Hunting sling     |    71 |    38 ||   109
Throw: Dart              |       |     4 ||     4
  Use: Scroll            |     2 |     5 ||     7
       Potion            |       |     7 ||     7
 Stab: Invisible         |       |     1 ||     1
  Eat: Ration            |       |     2 ||     2
Armor: Ring mail         |    16 |    32 ||    48
Dodge: Dodged            |    29 |    74 ||   103
